 Dungeon Crawl Stone Soup version 0.23.1 (webtiles) character file.

Game seed: 10093409966754368872

103 Fang the Skirmisher (level 4, -1/29 HPs)
             Began as a Gargoyle Berserker on Mar 13, 2019.
             Was a Believer of Trog.
             Slain by Sigmund
             ... wielding a +0 scythe
              (4 damage)
             ... on level 2 of the Dungeon.
             The game lasted 00:02:30 (1350 turns).

Fang the Skirmisher (Gargoyle Berserker)            Turns: 1350, Time: 00:02:30

Health: -1/29      AC:  5    Str: 22    XL:     4   Next: 79%
Magic:  4/4        EV: 12    Int:  7    God:    Trog [**....]
Gold:   65         SH:  0    Dex:  9    Spells: 3/3 levels left

rFire    + . .     SeeInvis .   a - +0 hand axe
rCold    . . .     Gourm    .   (no shield)
rNeg     + . .     Faith    .   b - +0 animal skin
rPois    ∞         Spirit   .   (no helmet)
rElec    +         Reflect  .   (no cloak)
rCorr    .         Harm     .   (no gloves)
MR       ++...                  (no boots)
Stlth    +.........             (no amulet)
HPRegen  1.09/turn              i - ring of protection from fire
MPRegen  0.09/turn              (no ring)

@: berserk cooldown, regenerating, slowed, very slow
A: negative energy resistance 1, electricity resistance, unbreathing,
petrification resistance, rot immunity, AC +3
a: Berserk, Trog's Hand, Renounce Religion


You were on level 2 of the Dungeon.
You worshipped Trog.
Trog was pleased with you.
You were hungry.

You visited 1 branch of the dungeon, and saw 2 of its levels.

You collected 65 gold pieces.

Inventory:

Hand Weapons
 a - a +0 hand axe (weapon)
Armour
 b - a +0 animal skin (worn)
Jewellery
 i - a ring of protection from fire (left hand)
Wands
 f - a wand of random effects (11)
Scrolls
 e - a scroll of identify {unknown}
Potions
 d - a potion of curing
 g - a potion of flight {unknown}
 h - a potion of mutation {unknown}
Comestibles
 c - 6 rations
 j - 23 chunks of flesh


   Skills:
 + Level 4.1 Fighting
 + Level 3.3 Axes
 + Level 3.3 Armour
 + Level 2.3 Dodging


You had 3 spell levels left.
You didn't know any spells.
Your spell library was empty.

Dungeon Overview and Level Annotations

Branches:
Dungeon (2/15)

Altars:
Qazlal

Annotations:
D:2 Sigmund


Innate Abilities, Weirdness & Mutations

You are resistant to torment.
Your stone body is resilient. (AC +3)
You are immune to poison.
You resist negative energy. (rN+)
You are resistant to electric shocks. (rElec)
You can survive without breathing.
You are immune to petrification.
You are immune to rotting.


Message History

You feel yourself slow down.
Sigmund hits you from afar with a +0 scythe!
You bump into the rock wall.
Sigmund casts a spell.
Sigmund flickers and vanishes!
Deactivating autopickup; reactivate with Ctrl-A.
You bump into the rock wall.
Something hits you but does no damage.
You're too confused to move!
You feel less confused. Something hits you.
Your skin crawls.
You feel resistant to hostile enchantments.
You feel somewhat more hungry. Something hits you but does no damage.
You feel the effects of Trog's Hand fading.
Something hits you!
* * * LOW HITPOINT WARNING * * *
Something hits you!
* * * LOW HITPOINT WARNING * * *
Something hits you.
You die...

.# .# .# .# #####
.######.######...###
.......... ........
##.#####. #%..#
....# ####.{.##
##..# # ##...†.@.#
....## #.##.......#
##...###.##.......#
###.#............#
#÷#.#.#........#
.###...#.#........#
..[....#.##.......#
#####.##.##.......#
..............#####


There were no monsters in sight!

Vanquished Creatures
  Robin (D:2)
  2 adders (D:2)
  An ooze (D:1)
  A worm (D:2)
  A dart slug (D:2)
  4 leopard geckos
  2 giant cockroaches (D:1)
  18 goblins
  9 hobgoblins
  3 kobolds
  2 bats
  3 frilled lizards (D:1)
  7 rats
54 creatures vanquished.

Notes
Turn   | Place    | Note
-------+----------+-------------------------------------------
     0 | D:1      | Fang the Gargoyle Berserker began the quest for the Orb.
     0 | D:1      | Reached XP level 1. HP: 14/14 MP: 1/1
   151 | D:1      | Reached XP level 2. HP: 12/19 MP: 2/2
   563 | D:1      | Reached XP level 3. HP: 15/23 MP: 3/3
   951 | D:2      | Reached ** piety under Trog
   961 | D:2      | Reached XP level 4. HP: 18/29 MP: 4/4
  1169 | D:2      | Noticed Robin
  1179 | D:2      | Reached skill level 4 in Fighting
  1185 | D:2      | Killed Robin
  1248 | D:2      | Found a stormy altar of Qazlal.
  1327 | D:2      | Noticed Sigmund
  1350 | D:2      | Slain by Sigmund

Skill      XL: |  1  2  3  4 |
---------------+-------------+-----
Axes           | 3 |  3.3
Dodging        | 2 |  2.3
Armour         | 3 |  3.3
Fighting       | 4 |  4.1

Action                   |  1- 3 |  4- 6 || total
-------------------------+-------+-------++-------
Melee: Hand axe          |    85 |    46 ||   131
Invok: Berserk           |     1 |     2 ||     3
       Trog's Hand       |       |     1 ||     1
  Eat: Chunk             |       |     4 ||     4
Armor: Animal skin       |    21 |    24 ||    45
Dodge: Dodged            |    48 |    30 ||    78
